 Dungeon Crawl Stone Soup version 0.29.0-11-gd7f09526c8 (webtiles) character file.

Game seed: 1468963766352107440

70 pacmanke6689 the Slasher (level 4, -2/34 HPs)
             Began as a Demonspawn Gladiator on Sept 3, 2022.
             Killed from afar by Sigmund (9 damage)
             ... with a puff of flame
             ... on level 3 of the Dungeon.
             The game lasted 00:06:34 (2087 turns).

pacmanke6689 the Slasher (Demonspawn Gladiator)     Turns: 2087, Time: 00:06:35

Health: -2/34      AC:  4    Str: 15    XL:     4   Next: 3%
Magic:  4/4        EV: 13    Int:  9    God:
Gold:   119        SH:  0    Dex: 18    Spells: 2/3 levels left

rFire   . . .      SeeInvis .   a - +0 long sword
rCold   . . .      Faith    .   (no shield)
rNeg    . . .      Spirit   .   b - +0 leather armour
rPois   .          Reflect  .   c - +0 helmet
rElec   .          Harm     .   (no cloak)
rCorr   .          Rampage  .   (no gloves)
Will    .....                   (no boots)
Stlth   ++........              (no amulet)
HPRegen 0.11/turn               i - ring of flight
MPRegen 0.09/turn               (no ring)

@: flying
A: thin skeletal structure 1, demonic guardian 1
a: no special abilities


You were on level 3 of the Dungeon.
You visited 1 branch of the dungeon, and saw 3 of its levels.

You collected 119 gold pieces.

Inventory:

Hand Weapons
 a - a +0 long sword (weapon)
Missiles
 e - a javelin (quivered)
Armour
 b - a +0 leather armour (worn)
 c - a +0 helmet (worn)
Jewellery
 i - a ring of flight (left hand)
 p - a ring of protection from cold
Scrolls
 f - a scroll of immolation
 g - a scroll of poison {unknown}
 h - a scroll of identify
 j - a scroll of amnesia {unknown}
 k - a scroll of noise {unknown}
 l - a scroll of fear
Potions
 d - a potion of flight
 m - 2 potions of curing
 n - a potion of mutation {unknown}
 o - a potion of cancellation


   Skills:
 + Level 2.3 Fighting
 + Level 3.5 Long Blades
 - Level 1.9 Throwing
 + Level 3.4 Dodging
 + Level 0.2 Hexes


You had 2 spell levels left.
You knew the following spells:

 Your Spells              Type           Power      Damage    Failure   Level
a - Slow                  Hex            0%         N/A       43%         1

Your spell library contained the following spells:

 Spells                   Type           Power      Damage    Failure   Level
 Confusing Touch          Hex            0%         N/A       80%         3
 Vampiric Draining        Necr           0%         2d6       83%         3
 Yara's Violent Unravell  Hex/Tmut       0%         3d3       100%        5
 Enfeeble                 Hex            0%         N/A       100%        7


Dungeon Overview and Level Annotations

Branches:
Dungeon (3/15)

Altars:

Annotations:
D:3 Sigmund


Innate Abilities, Weirdness & Mutations

You have a somewhat thin skeletal structure. (Dex +2, Stealth+)
A weak demonic guardian rushes to your aid.


Message History

You feel stronger.
Your demonic ancestry asserts itself...
Your bones become slightly less dense.
As you read the scroll of fear, it crumbles to dust.
You assume a fearsome visage.
The hobgoblin looks frightened!
You hit the hobgoblin.
Your attack snaps the hobgoblin out of its fear.
The hobgoblin is moderately wounded.
You see here 6 gold pieces.
You see here a +0 short sword.
The hobgoblin hits you.
You barely miss the hobgoblin.
The hobgoblin is moderately wounded.
The hobgoblin closely misses you.
You hit the hobgoblin.
The hobgoblin is almost dead.
The hobgoblin completely misses you.
The hobgoblin hits you but does no damage.
You completely miss the hobgoblin.
The hobgoblin is almost dead.
The hobgoblin hits you.
You barely miss the hobgoblin.
The hobgoblin is almost dead.
The hobgoblin hits you but does no damage.
You hit the hobgoblin.
You kill the hobgoblin!
You see here a hobgoblin corpse.
You start resting.
You hear a zap.
A puff of flame appears from out of thin air!
The puff of flame hits you.
Sigmund appears from thin air!
Reactivating autopickup.
Sigmund says, "Now you see me, now you don't..."
Sigmund zaps a wand.
The puff of flame hits you!
* * * LOW HITPOINT WARNING * * *
A demonic guardian appears!
You swap places.
There is a stone staircase leading down here.
Sigmund zaps a wand.
The puff of flame hits you!
You die...

. #......# ...
#......##
.....######.......#
.........†........#
.....#####.##.....#
... #.##.....# .
#)#<@5...# .
##.#.#....# ...
#.@..#..@.#
.....####$#.#######
......)...#.#
....#######.. .
#.## ###


You could see Sigmund (ally target) and a friendly ufetubus (summoned).

Vanquished Creatures
  2 adders (D:2)
  4 dart slugs (D:2)
  An orc (D:3)
  3 endoplasms
  A giant cockroach (D:1)
  4 goblins
  3 hobgoblins
  5 jackals (D:2)
  A quokka (D:1)
  2 ball pythons (D:1)
  5 bats
  A frilled lizard (D:1)
  4 kobolds
  5 rats
41 creatures vanquished.

Notes
Turn   | Place    | Note
-------+----------+-------------------------------------------
     0 | D:1      | pacmanke6689 the Demonspawn Gladiator began the quest for
                  | the Orb.
     0 | D:1      | Reached XP level 1. HP: 16/16 MP: 1/1
   583 | D:1      | Gained mutation: A weak demonic guardian rushes to your
                  | aid. [demonic ancestry]
   583 | D:1      | Reached XP level 2. HP: 22/22 MP: 2/2
   878 | D:1      | Found a faded altar of an unknown god.
   878 | D:1      | Noticed a hellwing
  1120 | D:2      | Reached XP level 3. HP: 27/27 MP: 3/3
  1388 | D:2      | Learned a level 1 spell: Slow
  2047 | D:3      | Noticed Sigmund
  2053 | D:3      | Gained mutation: You have a somewhat thin skeletal
                  | structure. (Dex +2, Stealth+) [demonic ancestry]
  2053 | D:3      | Reached XP level 4. HP: 17/34 MP: 2/4
  2087 | D:3      | Killed from afar by Sigmund

Illustrated notes

Levels and vault maps discovered:
D:1:      psy_arrival_dodecagon, layout_loops_ring,
          dreamdust_ecumenical_altar_sealed_demon
D:2:      layout_rooms, minmay_liquid_box
D:3:      minmay_general_purpose_star, layout_rooms, grunt_ministairs_15,
          uniq_ijyb, uniq_natasha, uniq_sigmund

Skill      XL: |  1  2 |
---------------+-------+-----
Dodging        | 3 |  3.4
Long Blades    | 3 |  3.5
Fighting       | |  2.3
Throwing       | |  1.9
Hexes          | |  0.2

Action                   |  1- 3 |  4- 6 || total
-------------------------+-------+-------++-------
Melee: Long sword        |   113 |     6 ||   119
       Punch             |     1 |       ||     1
Throw: Javelin           |     3 |       ||     3
 Cast: Slow              |     4 |       ||     4
  Use: Scroll            |     6 |     1 ||     7
 Stab: Sleeping          |     1 |       ||     1
Armor: Leather armour    |    38 |     2 ||    40
Dodge: Dodged            |   101 |     2 ||   103
